 Dungeon Crawl Stone Soup version 0.19.0-19-g8c6edcc (webtiles) character file.

82679 JeffiDaFish the Bludgeoner (level 15, -7/97 HPs)
             Began as a Gargoyle Fighter on Nov 13, 2016.
             Was the Champion of Makhleb.
             Mangled by an orc warrior
             ... wielding a +0 trident
             ... led by an orc warlord
              (20 damage)
             ... on level 2 of the Orcish Mines.
             The game lasted 00:53:27 (19736 turns).

JeffiDaFish the Bludgeoner (Gargoyle Fighter)      Turns: 19736, Time: 00:53:28

Health: -7/97      AC: 38    Str: 35    XL:     15   Next: 74%
Magic:  15/15      EV: 10    Int: 10    God:    Makhleb [******]
Gold:   1689       SH:  5    Dex: 14    Spells: 0 memorised, 14 levels left

rFire  + + .     SeeInvis +     K - +7 great mace "Firestarter" {inner flame, rF++}
rCold  . . .     Gourm    .     y - +1 plate armour
rNeg   + . .     Faith    .     (shield currently unavailable)
rPois  ∞         Spirit   .     (no helmet)
rElec  +         Reflect  +     m - +2 cloak
rCorr  .         Harm     .     e - +2 pair of gloves
MR     +....                    A - +2 pair of boots
Stlth  ..........               O - +5 amulet of reflection
                                H - ring "Pig Fima" {Wiz *Contam rPois Str+6 Dex+4}
                                p - ring of see invisible

@: mighty
A: big wings, negative energy resistance 1, electricity resistance, unbreathing,
petrification resistance, rot immunity, AC +11
a: Fly, Minor Destruction, Lesser Servant of Makhleb, Major Destruction, Greater
Servant of Makhleb, Renounce Religion


You were on level 2 of the Orcish Mines.
You worshipped Makhleb.
Makhleb was exalted by your worship.
You were not hungry.

You visited 4 branches of the dungeon, and saw 24 of its levels.
You also visited: Ice Cave.

You collected 1689 gold pieces.

Inventory:

Hand Weapons
 K - the +7 great mace "Firestarter" (weapon) {inner flame, rF++}
   (You found it in an ice cave)

   It has been specially enchanted to burn those struck by it, causing extra
   injury to most foes and up to half again as much damage against particularly
   susceptible opponents.
   It greatly protects you from fire.
Armour
 e - a +2 pair of gloves (worn)
 m - a +2 cloak (worn)
 y - a +1 plate armour (worn)
 A - a +2 pair of boots (worn)
Jewellery
 k - a +2 ring of dexterity
 p - a ring of see invisible (left hand)
 H - the ring "Pig Fima" (right hand) {Wiz *Contam rPois Str+6 Dex+4}
   (You found it on level 10 of the Dungeon)

   [ring of wizardry]

   It improves your spell success rate.
   It affects your strength (+6).
   It affects your dexterity (+4).
   It protects you from poison.
   It causes magical contamination when unequipped.
 O - a +5 amulet of reflection (around neck)
Wands
 r - a wand of flame (24/48)
Scrolls
 h - 9 scrolls of remove curse
 i - 3 scrolls of recharging
 j - 6 scrolls of identify
 q - 8 scrolls of blinking
 s - 2 scrolls of teleportation
 t - 7 scrolls of amnesia
 z - 10 scrolls of enchant weapon
 B - a scroll of fog
 F - 3 scrolls of magic mapping
Potions
 b - 3 potions of curing
 d - a potion of cancellation
 g - a potion of magic
 l - 5 potions of brilliance
 D - a potion of resistance
 I - a potion of might
 L - 2 potions of haste
 M - a potion of flight
Books
 c - a book of Flames

   Spells                             Type                      Level
   a - Flame Tongue                   Conjuration/Fire             1
   b - Throw Flame                    Conjuration/Fire             2
   c - Conjure Flame                  Conjuration/Fire             3
   d - Inner Flame                    Hexes/Fire                   3
   e - Sticky Flame                   Conjuration/Fire             4
   f - Fireball                       Conjuration/Fire             5
 u - a book of Frost

   Spells                             Type                      Level
   a - Freeze                         Ice                          1
   b - Throw Frost                    Conjuration/Ice              2
   c - Ozocubu's Armour               Charms/Ice                   3
   d - Throw Icicle                   Conjuration/Ice              4
   e - Summon Ice Beast               Ice/Summoning                4
 w - a book of Maledictions

   Spells                             Type                      Level
   a - Corona                         Hexes                        1
   b - Ensorcelled Hibernation        Hexes/Ice                    2
   c - Confuse                        Hexes                        3
   d - Tukima's Dance                 Hexes                        3
   e - Dazzling Spray                 Conjuration/Hexes            3
 x - a book of Cantrips

   Spells                             Type                      Level
   a - Confusing Touch                Hexes                        1
   b - Animate Skeleton               Necromancy                   1
   c - Summon Small Mammal            Summoning                    1
   d - Apportation                    Translocation                1
 E - a book of Changes

   Spells                             Type                      Level
   a - Beastly Appendage              Transmutation                1
   b - Sticks to Snakes               Transmutation                2
   c - Spider Form                    Transmutation/Poison         3
   d - Ice Form                       Ice/Transmutation            4
   e - Blade Hands                    Transmutation                5
 G - a book of Geomancy

   Spells                             Type                      Level
   a - Sandblast                      Earth                        1
   b - Passwall                       Transmutation/Earth          2
   c - Stone Arrow                    Conjuration/Earth            3
   d - Petrify                        Transmutation/Earth          4
   e - Lee's Rapid Deconstruction     Earth                        5
 J - a book of Misfortune

   Spells                             Type                      Level
   a - Confusing Touch                Hexes                        1
   b - Confuse                        Hexes                        3
   c - Gell's Gravitas                Hexes/Translocation          3
   d - Petrify                        Transmutation/Earth          4
   e - Metabolic Englaciation         Hexes/Ice                    5
   f - Yara's Violent Unravelling     Hexes/Transmutation          5
Comestibles
 a - 5 fruits
 f - 10 bread rations
 n - 8 beef jerkies
 o - 10 meat rations
 v - 10 royal jellies
 C - 4 slices of pizza
 N - 14 chunks of flesh


   Skills:
 + Level 12.4 Fighting
 + Level 17.1 Maces & Flails
 + Level 12.2 Armour
 + Level 3.3 Dodging
 + Level 1.6 Stealth
   Level 14.8 Shields


You had 14 spell levels left.
You didn't know any spells.

Dungeon Overview and Level Annotations

Branches:
Dungeon (15/15)            Temple (1/1) D:6            Lair (6/6) D:11
  Swamp (0/4) Lair:4       Spider (0/4) Lair:2        Slime (0/5) Lair:5
    Orc (2/2) D:10         Vaults (0/5) D:14         Depths (0/5) D:15
    Elf: Orc:2

Altars:
Ashenzari
Cheibriados
Dithmenos
Elyvilon
Fedhas
Hepliaklqana
Kikubaaqudgha
Makhleb
Okawaru
Qazlal
Ru
Sif Muna
Trog
Xom
Zin
The Shining One
Beogh
Jiyva

Shops:
D:5 *   D:8 %   D:10 *   D:14 (

Portals:
Hell: Lair:6


Innate Abilities, Weirdness & Mutations

You are resistant to torment.
Your stone body is resilient. (AC +11)
You are immune to poison.
Your large and strong wings let you fly indefinitely.
You resist negative energy. (rN+)
You are resistant to electric shocks. (rElec)
You can survive without breathing.
You are immune to petrification.
You are immune to rotting.


Message History

Some of the chunks of flesh in your inventory have rotted away.
You bludgeon the orc warlord!! You burn the orc warlord.
The orc warlord is heavily wounded.
The orc wizard no longer looks unusually strong.
The warg bites you but does no damage. The ogre completely misses you.
The orc warrior barely misses you.
The orc priest hits you with a whip of electrocution.
* * * LOW HITPOINT WARNING * * *
The orc wizard gestures wildly while chanting.
The orc wizard blinks!
The orc warrior hits you but does no damage.
The orc warlord roars a battlecry!
The orc wizard goes into a battle-frenzy!
An orc comes into view. It is wielding a flail.
You completely miss the orc warlord.
The orc warlord is heavily wounded.
The orc priest no longer looks unusually strong.
The warg bites you but does no damage. You block the orc wizard's attack.
The orc warrior hits you from afar with a trident!!
You die...

......................
..........##.##......#
....###.....#.......#
...####.............#
...#.###..........#.##
......###....$.......#
...#.## #......)..#.#
...(##.......#.)h§..###o
<............#.o@o...o..
.....#.......#..Ooo.....
............###...o.....
............# ##........
.........#### #.###....
......... ... ....
#.#...... .## #..
####..... . .. .#..


You could see an orc warlord (inner flame), a warg, 3 orc warriors, an ogre, an
orc priest, an orc wizard and an orc.

Vanquished Creatures
  Gastronok (D:9)
  2 entropy weavers (Lair:4)
  A fire dragon (D:14)
  An ettin (D:15)
  The ghost of HilariousDeathArtist the Slicer, a journeyman HaFE of Okawaru (Lair:2)
  7 hydras
  Erica (D:10)
  2 catoblepae
  An ogre mage (D:15)
  5 death yaks (Lair:2)
  A sun demon (Lair:6)
  A queen ant (Lair:4)
  A tengu warrior (D:13)
  A deep elf knight (D:15)
  A sixfirhy (Lair:6)
  2 unseen horrors (D:13)
  5 hill giants
  A wizard (Lair:6)
  An orc knight (Orc:1)
  A phantasmal warrior (D:14)
  The ghost of thedrunkenpirate the Basher, a novice DrBe of Trog (D:6)
  Pikel (D:8)
  A necromancer (IceCv)
  3 ugly things
  2 cyclopes
  2 orc sorcerers
  2 deep elf magi (D:15)
  3 black mambas
  3 ice statues (IceCv)
  9 elephants
  3 orange demons (Lair:6)
  Psyche (D:8)
  3 centaur skeletons
  3 kobold demonologists (D:13)
  A smoke demon (Lair:6)
  A gargoyle (D:15)
  14 spiny frogs
  13 komodo dragons
  7 rime drakes
  10 ice devils
  An efreet (D:12)
  A red devil (Lair:6)
  A tengu conjurer (D:15)
  5 trolls
  A tyrant leech (Lair:4)
  A polar bear (Lair:1)
  2 two-headed ogres (Orc:1)
  6 hornets
  9 slime creatures
  18 blink frogs
  5 hippogriffs
  2 meliai zombies
  Sigmund (D:2)
  A tarantella (Lair:2)
  A wraith (D:11)
  29 yaks
  4 wyverns
  A basilisk (shapeshifter) (D:14)
  5 basilisks
  2 hungry ghosts
  A steam dragon (D:10)
  Grum (D:8)
  2 vampire mosquitoes (D:14)
  Menkaure (D:5)
  A warg (Orc:2)
  25 soldier ants (Lair:4)
  10 water moccasins
  6 porcupines
  15 orc warriors
  4 sky beasts
  3 black bears
  3 ice beasts
  A slave (D:8)
  4 phantoms
  10 ogres
  An eye of draining (shapeshifter) (D:13)
  3 necrophages
  18 wolves
  5 centaurs
  13 crocodiles
  4 big kobolds
  16 bullfrogs
  A gnoll sergeant (D:13)
  A wyvern zombie (D:13)
  5 scorpions
  23 killer bees
  3 howler monkeys
  An electric eel (Lair:5)
  3 centaur zombies
  4 bullfrog zombies
  4 crimson imps
  5 jellies
  A quasit (D:13)
  2 draconian simulacra (IceCv)
  6 hounds
  Crazy Yiuf (D:2)
  8 orc priests
  17 orc wizards
  6 bullfrog skeletons
  2 iguanas (D:11)
  Ijyb (D:2)
  3 troll simulacra (IceCv)
  27 worker ants
  A killer bee zombie (D:10)
  A centaur simulacrum (IceCv)
  The ghost of minmay the Ducker, a weakling MfEE (D:4)
  A worker ant zombie (D:11)
  4 gnolls (D:13)
  A howler monkey skeleton (D:5)
  2 naga simulacra (IceCv)
  11 adders
  2 ogre simulacra (IceCv)
  5 shadow imps
  An ooze (D:4)
  An adder skeleton (D:6)
  A dart slug (D:1)
  9 leopard geckos
  57 orcs
  A ball python (D:4)
  7 bats
  7 giant cockroaches
  9 goblins
  5 hobgoblins
  12 jackals
  6 quokkas
  A frilled lizard (D:2)
  14 kobolds
  5 rats
  2 fungi
654 creatures vanquished.

Vanquished Creatures (others)
  A slave (D:8)
  A centaur (D:8)
  2 kobolds (D:8)
  A fungus (Lair:5)
  2 plants (Lair:5)
7 creatures vanquished.

Grand Total: 661 creatures vanquished

Notes
Turn   | Place    | Note
-------+----------+-------------------------------------------
     0 | D:1      | JeffiDaFish the Gargoyle Fighter began the quest for the Orb.
     0 | D:1      | Reached XP level 1. HP: 14/14 MP: 1/1
   131 | D:1      | Reached XP level 2. HP: 19/19 MP: 2/2
   547 | D:1      | Reached XP level 3. HP: 22/24 MP: 3/3
  1110 | D:2      | Noticed Ijyb
  1126 | D:2      | Killed Ijyb
  1126 | D:2      | Reached XP level 4. HP: 29/29 MP: 4/4
  1174 | D:2      | Reached skill level 3 in Maces & Flails
  1189 | D:2      | Noticed Sigmund
  1202 | D:2      | Killed Sigmund
  1202 | D:2      | Reached skill level 4 in Maces & Flails
  1202 | D:2      | Reached skill level 1 in Dodging
  1202 | D:2      | Reached XP level 5. HP: 7/33 MP: 5/5
  1202 | D:2      | Reached XP level 6. HP: 8/38 MP: 6/6
  1764 | D:2      | Found a runed door.
  1768 | D:2      | Noticed Crazy Yiuf
  1777 | D:2      | Killed Crazy Yiuf
  2193 | D:3      | Noticed a hungry ghost
  2255 | D:3      | Killed a hungry ghost
  2285 | D:3      | Reached XP level 7. HP: 43/44 MP: 7/7
  2771 | D:4      | Reached skill level 5 in Shields
  3074 | D:4      | Reached skill level 5 in Armour
  3129 | D:4      | Noticed minmay's ghost (weakling MfEE)
  3136 | D:4      | Killed minmay's ghost
  3164 | D:5      | Entered Level 5 of the Dungeon
  3169 | D:5      | Reached skill level 5 in Maces & Flails
  3224 | D:5      | Found Vetwior's Assorted Antiques.
  3340 | D:5      | Noticed Menkaure
  3348 | D:5      | Killed Menkaure
  3348 | D:5      | Reached XP level 8. HP: 26/48 MP: 8/8
  3973 | D:5      | Reached skill level 6 in Maces & Flails
  4345 | D:6      | Reached skill level 5 in Fighting
  4418 | D:6      | Noticed thedrunkenpirate's ghost (novice DrBe)
  4440 | D:6      | Killed thedrunkenpirate's ghost
  4440 | D:6      | Reached skill level 7 in Maces & Flails
  4440 | D:6      | Reached XP level 9. HP: 47/54 MP: 9/9
  4593 | D:6      | Found a staircase to the Ecumenical Temple.
  4612 | Temple   | Entered the Ecumenical Temple
  4626 | Temple   | Became a worshipper of Makhleb the Destroyer
  5273 | D:7      | Noticed a troll
  5289 | D:7      | Killed a troll
  5377 | D:7      | Reached skill level 8 in Maces & Flails
  5902 | D:7      | Reached * piety under Makhleb
  6155 | D:8      | Noticed Grum
  6196 | D:8      | Reached XP level 10. HP: 40/60 MP: 10/10
  6206 | D:8      | Noticed Pikel
  6206 | D:8      | Killed Grum
  6244 | D:8      | Reached skill level 10 in Shields
  6267 | D:8      | Killed Pikel
  6739 | D:8      | Found Detusu's Food Shop.
  6749 | D:8      | Noticed Psyche
  6789 | D:8      | Killed Psyche
  6789 | D:8      | Reached ** piety under Makhleb
  6992 | D:9      | Reached skill level 9 in Maces & Flails
  7093 | D:9      | Reached skill level 1 in Stealth
  7315 | D:9      | Reached XP level 11. HP: 67/67 MP: 11/11
  7633 | D:9      | Reached skill level 10 in Maces & Flails
  7646 | D:9      | Noticed Gastronok
  7669 | D:9      | Killed Gastronok
  7819 | D:9      | Found an ancient bone altar of Kikubaaqudgha.
  7900 | D:10     | Entered Level 10 of the Dungeon
  7900 | D:10     | Found a staircase to the Orcish Mines.
  7931 | D:10     | Got a fine copper ring
  7932 | D:10     | Identified the ring "Pig Fima" {Wiz *Contam rPois Str+6 Dex+4} (You found it on level 10 of the Dungeon)
  8240 | D:10     | Noticed Erica
  8263 | D:10     | Killed Erica
  8263 | D:10     | Reached *** piety under Makhleb
  8351 | D:10     | Found Pop Baip's Assorted Antiques.
  8436 | D:10     | Noticed a hill giant
  8455 | D:10     | Killed a hill giant
  8773 | D:11     | Noticed a hill giant
  8789 | D:11     | Killed a hill giant
  8853 | D:11     | Noticed a white ugly thing
  8871 | D:11     | Killed a white ugly thing
  8871 | D:11     | Reached skill level 11 in Maces & Flails
  8889 | D:11     | Found a staircase to the Lair.
  8894 | D:11     | Noticed a white ugly thing
  8907 | D:11     | Killed a white ugly thing
  8907 | D:11     | Reached XP level 12. HP: 73/73 MP: 12/12
  9112 | D:11     | Reached **** piety under Makhleb
  9511 | Lair:1   | Entered Level 1 of the Lair of Beasts
  9620 | Lair:1   | Noticed a seven-headed hydra
  9634 | Lair:1   | Killed a seven-headed hydra
  9730 | Lair:1   | Found a frozen archway.
  9754 | IceCv    | Entered an ice cave
  9975 | IceCv    | Reached skill level 12 in Maces & Flails
 10095 | IceCv    | Identified the +2 cloak of Dutura {rF- Str-5 Int+8 SInv} (You found it in an ice cave)
 10626 | Lair:1   | Reached XP level 13. HP: 78/80 MP: 13/13
 10866 | Lair:2   | Reached ***** piety under Makhleb
 10932 | Lair:2   | Noticed HilariousDeathArtist's ghost (journeyman HaFE)
 10936 | Lair:2   | Reached skill level 13 in Maces & Flails
 10967 | Lair:2   | Killed HilariousDeathArtist's ghost
 10988 | Lair:2   | Found a hole to the Spider Nest.
 12424 | Lair:4   | Noticed an entropy weaver
 12425 | Lair:4   | Reached skill level 10 in Fighting
 12430 | Lair:4   | Killed an entropy weaver
 12430 | Lair:4   | Reached skill level 10 in Armour
 12434 | Lair:4   | Reached skill level 14 in Maces & Flails
 12455 | Lair:4   | Noticed an entropy weaver
 12468 | Lair:4   | Killed an entropy weaver
 12468 | Lair:4   | Gained mutation: Your large and strong wings let you fly indefinitely. [Gargoyle growth]
 12468 | Lair:4   | Reached XP level 14. HP: 62/88 MP: 14/14
 12731 | Lair:4   | Found a staircase to the Swamp.
 12840 | Lair:4   | Reached ****** piety under Makhleb
 13595 | Lair:5   | Found a viscous altar of Jiyva.
 13595 | Lair:5   | Found a staircase to the Slime Pits.
 14265 | Lair:6   | Entered Level 6 of the Lair of Beasts
 14297 | Lair:6   | Reached skill level 15 in Maces & Flails
 14676 | Lair:6   | Found a burning altar of Makhleb.
 14720 | Lair:6   | Found a gateway to Hell.
 15149 | Lair:6   | Reached XP level 15. HP: 95/95 MP: 15/15
 15474 | D:12     | Reached skill level 16 in Maces & Flails
 17086 | D:14     | Found Urphio's Weapon Emporium.
 17410 | D:14     | Found a gate to the Vaults.
 17668 | D:14     | Identified the +3 spear of Ypast {venom, rF+ Str+4 Stlth+} (You found it on level 14 of the Dungeon)
 17759 | D:15     | Entered Level 15 of the Dungeon
 18153 | D:15     | Found a staircase to the Depths.
 18855 | Orc:1    | Entered Level 1 of the Orcish Mines
 18947 | Orc:1    | Found a roughly hewn altar of Beogh.
 18955 | Orc:1    | Reached skill level 17 in Maces & Flails
 19666 | Orc:2    | Entered Level 2 of the Orcish Mines
 19721 | Orc:2    | Noticed an orc warlord
 19736 | Orc:2    | Mangled by an orc warrior

Skill      XL: |  1  2  3  4  5  6  7  8  9 10 11 12 13 14 15 |
---------------+----------------------------------------------+-----
Maces & Flails | 4 5 7 8 9 11 12 14 15 17 | 17.1
Shields        | 4 5 6 9 11 13 14 | 14.8
Fighting       | 4 5 6 7 8 9 10 11 12 | 12.4
Armour         | 4 5 6 7 8 10 11 12 | 12.2
Dodging        | 1 2 3 |  3.3
Stealth        | 1 |  1.6

Action                   |  1- 3 |  4- 6 |  7- 9 | 10-12 | 13-15 || total
-------------------------+-------+-------+-------+-------+-------++-------
Melee: Flail             |   136 |   110 |   495 |  1023 |       ||  1764
       Great mace        |       |       |       |    27 |   746 ||   773
  Use: Scroll            |     4 |     3 |     9 |     8 |    12 ||    36
       Potion            |     3 |     3 |     3 |     4 |     9 ||    22
  Eat: Chunk             |     1 |     4 |    15 |    16 |    28 ||    64
       Bread ration      |       |     1 |       |       |       ||     1
       Beef jerky        |       |     1 |       |       |       ||     1
       Royal jelly       |       |       |       |       |     1 ||     1
Armor: Scale mail        |    73 |    46 |     1 |       |       ||   120
       Chain mail        |       |       |   141 |       |       ||   141
       Plate armour      |       |       |   117 |   420 |   629 ||  1166
Dodge: Dodged            |    48 |    41 |   101 |   149 |   337 ||   676
Block: Shield            |    64 |    52 |   408 |   872 |       ||  1396
       Reflection        |       |       |     2 |    18 |     3 ||    23
       Other             |       |       |       |     3 |   166 ||   169
